[Event "Titled Tuesday Blitz May 10 Late 2022"]
[White "Wagner, Dinara"]
[Black "Gomez Ledo, Roberto Carlos"]
[WhiteFideId "24157570"]
[BlackFideId "3507076"]
[WhiteElo "2216"]
[BlackElo "2379"]
[Result "0-1"]
[Round "10"]
[TimeControl "180+1"]
[Date "2022.05.10"]
[WhiteClock "0:00:04"]
[BlackClock "0:00:32"]

1. d4 Nf6 2. c4 e6 3. Nf3 d5 4. g3 Be7 5. Bg2 O-O 6. O-O dxc4 7. Qc2 a6 8. a4 Bd7 9. Qxc4 Bc6 10. Bf4 Bd6 11. Qc1 a5 12. Nc3 Bxf4 13. Qxf4 Bxf3 14. Bxf3 c6 15. h4 Na6 16. h5 h6 17. Rac1 Nb4 18. Rfd1 Nfd5 19. Qd2 f5 20. e4 fxe4 21. Bxe4 Qf6 22. Bb1 Qf3 23. Bg6 Ne7 24. Re1 Nxg6 25. hxg6 Rf6 26. Ne4 Rxg6 27. Rc3 Qg4 28. Nc5 Nd5 29. Rb3 b6 30. Nd7 Rg5 31. Qe2 Qxd4 32. Qxe6+ Kh7 33. Qxc6 Rd8 34. Nxb6 Nxb6 35. Qxb6 Rxg3+ 36. Kf1 Qc4+ 37. Re2 Rd1# 0-1


[Site "https://www.chess.com"]

[Event "Titled Tuesday Blitz May 10 Late 2022"]
[White "Dreev, Aleksey"]
[Black "Maksimovic, Bojan"]
[WhiteFideId "4100107"]
[BlackFideId "14408120"]
[WhiteElo "2625"]
[BlackElo "2448"]
[Result "1-0"]
[Round "10"]
[TimeControl "180+1"]
[Date "2022.05.10"]
[WhiteClock "0:00:30"]
[BlackClock "0:00:01"]

1. d4 d5 2. c4 e5 3. dxe5 d4 4. Nf3 Nc6 5. a3 Nge7 6. b4 Ng6 7. Bb2 a5 8. b5 Ncxe5 9. Nxe5 Nxe5 10. Qxd4 Qxd4 11. Bxd4 Nxc4 12. e3 Be6 13. Be2 O-O-O 14. O-O Kb8 15. Rc1 Nb6 16. Nc3 f5 17. g3 Rg8 18. h4 g6 19. Bf3 h6 20. Ne2 g5 21. Bf6 Rc8 22. hxg5 hxg5 23. Nd4 Bd7 24. Be5 Bg7 25. Bxg7 Rxg7 26. Rc5 f4 27. g4 fxe3 28. fxe3 Re8 29. Re1 Nc8 30. Kg2 Nd6 31. e4 b6 32. Rd5 Nc4 33. e5 Nd2 34. e6 Nxf3 35. Kxf3 Bc8 36. Nc6+ Kb7 37. Ree5 Rg6 38. e7 Rf6+ 39. Kg3 Rf1 40. Rd8 Rg1+ 41. Kf2 Rxe7 42. Nxe7 Bxg4 43. Kxg1 1-0


[Site "https://www.chess.com"]

[Event "Titled Tuesday Blitz May 10 Late 2022"]
[White "Erdogdu, Mert"]
[Black "Leitao, Rafael"]
[WhiteFideId "6301495"]
[BlackFideId "2101246"]
[WhiteElo "2451"]
[BlackElo "2609"]
[Result "1-0"]
[Round "10"]
[TimeControl "180+1"]
[Date "2022.05.10"]
[WhiteClock "0:01:02"]
[BlackClock "0:00:13"]

1. e4 c5 2. Nf3 d6 3. d4 cxd4 4. Nxd4 Nf6 5. Nc3 Nc6 6. Bg5 e6 7. Qd2 a6 8. O-O-O Bd7 9. f3 Nxd4 10. Qxd4 Be7 11. Kb1 Qc7 12. Qd2 b5 13. Ne2 O-O 14. Nd4 b4 15. h4 Rfc8 16. Bd3 a5 17. g4 a4 18. h5 a3 19. b3 Qc3 20. Qxc3 bxc3 21. h6 g6 22. Bb5 Kf8 23. Bxd7 Nxd7 24. Bc1 Ne5 25. Rhf1 Ra5 26. Ne2 d5 27. exd5 exd5 28. Be3 Bf6 29. Bd4 Nd7 30. Bxf6 Nxf6 31. Rd4 Rac5 32. Nf4 Re8 33. g5 Nh5 34. Nxd5 Ng3 35. Rfd1 Rd8 36. f4 Ne2 37. R4d3 Rd6 38. Nf6 Rxd3 39. Rxd3 Ke7 40. Re3+ 1-0


[Site "https://www.chess.com"]

[Event "Titled Tuesday Blitz May 10 Late 2022"]
[White "Estrada Nieto, Julian"]
[Black "Malka, Samuel"]
[WhiteFideId "5101018"]
[BlackFideId "20643675"]
[WhiteElo "2252"]
[BlackElo "2518"]
[Result "1-0"]
[Round "10"]
[TimeControl "180+1"]
[Date "2022.05.11"]
[WhiteClock "0:00:16"]
[BlackClock "0:00:06"]

1. e4 c5 2. Nf3 Nc6 3. Bb5 g6 4. Bxc6 dxc6 5. d3 Bg7 6. h3 Nf6 7. Nc3 Nd7 8. Be3 b6 9. Qd2 h6 10. O-O e5 11. Nh2 Nf8 12. f4 exf4 13. Bxf4 Ne6 14. Be3 h5 15. Nf3 Qc7 16. Rae1 Bd7 17. Ng5 Nxg5 18. Bxg5 Be5 19. Qf2 Be6 20. Bf6 Rg8 21. Bxe5 Qxe5 22. Nd1 O-O-O 23. b3 g5 24. Qf6 Qd6 25. Ne3 Rg6 26. Nf5 Bxf5 27. Qxd6 Rdxd6 28. Rxf5 Rdf6 29. Ref1 Rxf5 30. Rxf5 Rg7 31. Kf2 Kd7 32. Rf6 h4 33. Kf3 a5 34. e5 Rg8 35. Rxf7+ Ke6 36. Rf6+ Kxe5 37. Rxc6 g4+ 38. hxg4 Rf8+ 39. Ke2 Rg8 40. Kf3 Rf8+ 41. Ke3 Rg8 42. Rxb6 Rxg4 43. Kf2 Rf4+ 44. Ke2 Rg4 45. Kf1 Kd4 46. Rb5 Rf4+ 47. Kg1 Rg4 48. Rxa5 h3 49. Ra4+ c4 50. Rxc4+ Ke3 51. Rxg4 h2+ 52. Kxh2 Kd2 53. d4 Kc3 54. d5 Kb2 55. Rc4 Ka3 56. d6 Kb2 57. d7 1-0


[Site "https://www.chess.com"]

[Event "Titled Tuesday Blitz May 10 Late 2022"]
[White "Fedoseev, Vladimir"]
[Black "Nakamura, Hikaru"]
[WhiteFideId "24130737"]
[BlackFideId "2016192"]
[WhiteElo "2726"]
[BlackElo "2850"]
[Result "1-0"]
[Round "10"]
[TimeControl "180+1"]
[Date "2022.05.10"]
[WhiteClock "0:00:16"]
[BlackClock "0:00:08"]

1. e4 c5 2. Nf3 e6 3. d4 cxd4 4. Nxd4 a6 5. c4 Nf6 6. Nc3 Qc7 7. a3 g6 8. Be3 d6 9. Be2 Bg7 10. Ndb5 axb5 11. Nxb5 Qc6 12. Nxd6+ Ke7 13. c5 Nbd7 14. Bb5 Qc7 15. Rc1 Rd8 16. O-O Kf8 17. f4 Kg8 18. Bd4 Nf8 19. e5 Nd5 20. c6 b6 21. Kh1 Qb8 22. Qd2 Nc7 23. a4 Ba6 24. Qf2 Bxb5 25. axb5 Nd5 26. Ra1 Qc7 27. Nc4 Rab8 28. Ra6 Nd7 29. Rfa1 Nc5 30. Bxc5 bxc5 31. Ra7 Rxb5 32. Rxc7 Nxc7 33. Nd6 Rb6 34. Qxc5 Rxb2 35. Qa7 Rdb8 36. h3 Bh6 37. Qxc7 1-0


[Site "https://www.chess.com"]

[Event "Titled Tuesday Blitz May 10 Late 2022"]
[White "Fishbein, Alexander"]
[Black "Shimanov, Aleksandr"]
[WhiteFideId "2000377"]
[BlackFideId "4198603"]
[WhiteElo "2442"]
[BlackElo "2605"]
[Result "0-1"]
[Round "10"]
[TimeControl "180+1"]
[Date "2022.05.10"]
[WhiteClock "0:00:04"]
[BlackClock "0:00:14"]

1. Nf3 d5 2. g3 b6 3. Bg2 Bb7 4. O-O e6 5. d3 Nf6 6. Nc3 Be7 7. e4 c5 8. exd5 Nxd5 9. d4 Nxc3 10. bxc3 O-O 11. Qd3 Nd7 12. Ng5 Bxg5 13. Bxb7 Rb8 14. Bxg5 Qxg5 15. Bc6 Nf6 16. Rfe1 Rfd8 17. Re5 Qh6 18. Qe3 Qxe3 19. fxe3 Rbc8 20. Ba4 Nd5 21. dxc5 Rxc5 22. Rd1 Rdc8 23. Bb3 Nxc3 24. Rxc5 bxc5 25. Rd7 Kf8 26. Bc4 a5 27. Ra7 a4 28. Kf2 Rd8 29. Bd3 c4 30. Bxc4 Rd2+ 31. Kf3 Rxc2 32. h4 Nd1 33. Be2 Nc3 34. Bc4 h5 35. e4 Nxe4 36. Bd3 Nd2+ 37. Kf4 Rc3 38. Bb5 a3 39. g4 hxg4 40. Kxg4 Ne4 41. h5 Nf6+ 42. Kf4 Nxh5+ 43. Ke4 Nf6+ 44. Kd4 Rg3 45. Bc4 g5 46. Bb3 g4 47. Rxa3 Rg1 48. Ra8+ Kg7 49. Ra7 Kg6 50. Bc2+ Kg7 51. Bd3 g3 52. a4 Rd1 53. Ke3 g2 0-1


[Site "https://www.chess.com"]

[Event "Titled Tuesday Blitz May 10 Late 2022"]
[White "Gatterer, Florian"]
[Black "Wartiovaara, Oliver"]
[WhiteFideId "811688"]
[BlackFideId "513024"]
[WhiteElo "2218"]
[BlackElo "1971"]
[Result "0-1"]
[Round "10"]
[TimeControl "180+1"]
[Date "2022.05.11"]
[WhiteClock "0:00:01"]
[BlackClock "0:00:08"]

1. Nf3 g6 2. e4 Bg7 3. d4 c6 4. Bd3 Na6 5. c3 Nc7 6. h3 d6 7. O-O Nf6 8. Re1 O-O 9. e5 Nd7 10. Qe2 dxe5 11. dxe5 Nc5 12. Bc2 a5 13. Be3 N7e6 14. Nbd2 Qc7 15. Ne4 Nxe4 16. Bxe4 Bxe5 17. Nxe5 Qxe5 18. Bh6 Re8 19. Qd2 Qd6 20. Qe3 Qc5 21. Qe2 a4 22. a3 Qb6 23. Be3 Qc7 24. Rad1 b6 25. Bd3 Nc5 26. Bc4 Ne4 27. Qf3 Nd6 28. Ba2 Ra7 29. Bh6 e5 30. Bg5 Be6 31. Bxe6 Rxe6 32. Bf6 Ra8 33. Bg5 Rae8 34. Qg3 Nf5 35. Qf3 h5 36. Qe4 f6 37. Bc1 b5 38. g4 hxg4 39. hxg4 Nh4 40. Kh2 g5 41. Kg3 Kg7 42. Rh1 Rd6 43. Be3 Red8 44. Rxh4 gxh4+ 45. Kxh4 Rxd1 46. Kh5 Rh8+ 0-1


[Site "https://www.chess.com"]

[Event "Titled Tuesday Blitz May 10 Late 2022"]
[White "Hansen, Eric"]
[Black "Bortnyk, Olexandr"]
[WhiteFideId "2606771"]
[BlackFideId "14120828"]
[WhiteElo "2568"]
[BlackElo "2723"]
[Result "0-1"]
[Round "10"]
[TimeControl "180+1"]
[Date "2022.05.10"]
[WhiteClock "0:00:04"]
[BlackClock "0:00:34"]

1. d4 d6 2. e4 Nf6 3. Nc3 e5 4. Nf3 Nbd7 5. Bc4 Be7 6. O-O c6 7. a4 Qc7 8. Re1 h6 9. b4 O-O 10. Bb3 Rd8 11. Be3 Nf8 12. d5 Bg4 13. h3 Bh5 14. dxc6 bxc6 15. Bd2 Ne6 16. b5 Nd4 17. bxc6 Bxf3 18. gxf3 Nxb3 19. cxb3 Qxc6 20. Rc1 Qd7 21. Kg2 Qe6 22. Nb5 Ne8 23. Ba5 Rd7 24. Qd5 Qg6+ 25. Kh2 Rb8 26. Qc6 Rdb7 27. Rg1 Bg5 28. Rc3 Bf4+ 29. Kh1 Qh5 30. Kg2 Bd2 31. Qc4 a6 32. Na3 Bxc3 33. Bxc3 Rxb3 34. Nc2 Qg6+ 35. Kf1 Qe6 36. Qxe6 fxe6 37. Be1 Rxf3 38. Ne3 Rxh3 0-1


[Site "https://www.chess.com"]

[Event "Titled Tuesday Blitz May 10 Late 2022"]
[White "Hess, Robert"]
[Black "Zhou, Qiyu"]
[WhiteFideId "2022036"]
[BlackFideId "505161"]
[WhiteElo "2557"]
[BlackElo "1925"]
[Result "1-0"]
[Round "10"]
[TimeControl "180+1"]
[Date "2022.05.10"]
[WhiteClock "0:01:16"]
[BlackClock "0:01:51"]

1. b3 d6 2. Bb2 e5 3. d3 g6 4. Nd2 Bg7 5. e3 Ne7 6. Ne2 O-O 7. g3 c6 8. Bg2 Be6 9. a3 Nd7 10. c4 f5 11. Qc2 Rc8 12. h4 Nf6 13. d4 e4 14. Nf4 Bf7 15. b4 d5 16. Bf1 Qd7 17. Be2 h5 18. Nb3 b6 19. c5 Rc7 20. a4 Rb8 21. cxb6 axb6 22. a5 bxa5 23. Nc5 Qc8 24. bxa5 Ra7 25. O-O Nd7 26. Rfb1 Nxc5 27. Qxc5 Bf8 28. Qxa7 1-0


[Site "https://www.chess.com"]

[Event "Titled Tuesday Blitz May 10 Late 2022"]
[White "Hoffmann, Asa"]
[Black "Vega Gutierrez, Sabrina"]
[WhiteFideId "2001470"]
[BlackFideId "2219026"]
[WhiteElo "2117"]
[BlackElo "2286"]
[Result "1-0"]
[Round "10"]
[TimeControl "180+1"]
[Date "2022.05.11"]
[WhiteClock "0:01:23"]
[BlackClock "0:00:07"]

1. d4 d5 2. Bg5 c6 3. e3 h6 4. Bh4 Qb6 5. b3 e5 6. Nf3 e4 7. Nfd2 Be7 8. Bg3 Nf6 9. c4 O-O 10. Nc3 Bg4 11. Qc2 Na6 12. a3 Qd8 13. h3 Be6 14. c5 Nc7 15. Be2 Nh7 16. O-O Bh4 17. Bh2 Ng5 18. f4 exf3 19. Nxf3 Nxf3+ 20. Bxf3 Re8 21. b4 Bd7 22. Bh5 Bf6 23. Rf3 Ne6 24. Raf1 Ng5 25. Rg3 Qe7 26. h4 Ne4 27. Nxe4 dxe4 28. Qf2 Kh8 29. Bg4 Bxh4 30. Bxd7 Qxd7 31. Qxf7 Qxf7 32. Rxf7 Bxg3 33. Bxg3 b6 34. Be5 Rxe5 35. dxe5 bxc5 36. bxc5 Re8 37. Rc7 Rxe5 38. Rxc6 Rd5 39. Kf2 Rd3 40. a4 Rc3 41. Rc8+ Kh7 42. c6 a5 43. c7 Kg6 44. Kg3 Rxe3+ 45. Kf4 Rc3 46. Kxe4 Kf7 47. Kd5 Ke7 48. Rg8 Rxc7 49. Rxg7+ Kd8 50. Rxc7 Kxc7 51. Kc5 h5 52. Kb5 Kb7 53. Kxa5 h4 54. Kb5 Ka7 55. Kc5 Ka6 56. Kd5 Ka5 57. Ke4 Kxa4 58. Kf4 Kb5 59. Kg4 Kc6 60. Kxh4 Kd7 61. Kg5 Ke7 62. Kg6 Kf8 63. g4 Kg8 64. g5 1-0


[Site "https://www.chess.com"]

[Event "Titled Tuesday Blitz May 10 Late 2022"]
[White "Ibarra Jerez, Jose Carlos"]
[Black "Martinez Alcantara, Jose Eduardo"]
[WhiteFideId "2226332"]
[BlackFideId "3805662"]
[WhiteElo "2626"]
[BlackElo "2690"]
[Result "0-1"]
[Round "10"]
[TimeControl "180+1"]
[Date "2022.05.10"]
[WhiteClock "0:00:02"]
[BlackClock "0:00:59"]

1. e4 c5 2. Nc3 Nc6 3. Bb5 Nd4 4. Nf3 Nxb5 5. Nxb5 d6 6. d4 a6 7. Nc3 cxd4 8. Qxd4 e5 9. Qb4 h6 10. Be3 Nf6 11. Bb6 Qd7 12. O-O-O Qe6 13. Bc7 a5 14. Qb5+ Bd7 15. Qxb7 Rc8 16. Qb6 Be7 17. Qxa5 O-O 18. h3 Bc6 19. Rhe1 Nd7 20. Nd5 Bxd5 21. exd5 Qg6 22. Re2 Qxg2 23. Ne1 Qxh3 24. Kb1 Qf5 25. Qa7 Qh5 26. f3 Qf5 27. Qb7 Nc5 28. Qa7 Ra8 29. Qb6 Qd7 30. Qc6 Rfc8 31. Qxd7 Nxd7 32. f4 Rxc7 33. Nd3 Bf6 34. Nb4 exf4 35. Nc6 Rb7 36. c4 Nc5 37. b4 Na4 38. Kc2 Nc3 39. Kd3 Nxd1 0-1


[Site "https://www.chess.com"]

[Event "Titled Tuesday Blitz May 10 Late 2022"]
[White "Izzat, Kanan"]
[Black "Yuan, Qingyu"]
[WhiteFideId "13405209"]
[BlackFideId "8609772"]
[WhiteElo "2362"]
[BlackElo "2359"]
[Result "1/2-1/2"]
[Round "10"]
[TimeControl "180+1"]
[Date "2022.05.10"]
[WhiteClock "0:00:03"]
[BlackClock "0:00:03"]

1. e4 c6 2. d4 d5 3. e5 c5 4. Nf3 cxd4 5. Nxd4 Nc6 6. Nxc6 bxc6 7. Bd3 a5 8. O-O e6 9. Re1 Ba6 10. Nd2 Bxd3 11. cxd3 Ne7 12. Nf3 c5 13. Be3 Nf5 14. Bg5 Qd7 15. Rc1 h6 16. Bd2 a4 17. g4 Nd4 18. Nxd4 cxd4 19. Kg2 Be7 20. Qf3 O-O 21. h4 Bxh4 22. Rh1 Qe7 23. Qh3 g5 24. Qf3 f5 25. Rxh4 gxh4 26. Bxh6 fxg4 27. Qxg4+ Kh7 28. Bxf8 Rxf8 29. Qh5+ Kg8 30. Rg1 Rf7 31. Kh1+ Rg7 32. Rc1 Qf8 33. f4 Rg3 34. Qxh4 Rg6 35. Rg1 Rxg1+ 36. Kxg1 Qb4 37. Qf2 Qc5 38. Kg2 Kg7 39. a3 Qc1 40. Kg3 Kg6 41. Qxd4 Kf5 42. Qf2 Qd1 43. Qf3 Qg1+ 44. Kh3 Qg6 45. Qg3 Qh5+ 46. Qh4 Qxh4+ 47. Kxh4 Kxf4 48. d4 Kf5 49. Kh5 Ke4 50. Kg5 Kxd4 51. Kf6 Kc4 52. Kxe6 d4 53. Kf7 d3 54. e6 d2 55. e7 d1=Q 56. e8=Q Qf3+ 57. Kg8 Qg4+ 58. Kh8 Qh4+ 59. Kg7 Qg5+ 60. Kh8 Qh6+ 61. Kg8 Qg5+ 62. Kh8 Qh4+ 63. Kg7 Qd4+ 64. Kg6 Kb3 65. Qb5+ Ka2 66. Kf5 Qf2+ 67. Ke4 Qc2+ 68. Kd5 Qb3+ 69. Kc5 Kxb2 70. Qe2+ Kxa3 71. Qd2 Qb2 72. Qd3+ Ka2 73. Qc4+ Qb3 74. Qe2+ Qb2 75. Qc4+ Qb3 76. Qe2+ Ka3 77. Qd2 Qb2 78. Qd3+ Ka2 79. Qc4+ 1/2-1/2


[Site "https://www.chess.com"]

[Event "Titled Tuesday Blitz May 10 Late 2022"]
[White "Jakubowski, Krzysztof"]
[Black "Perez Molina, Robinson"]
[WhiteFideId "1112848"]
[BlackFideId "3403882"]
[WhiteElo "2365"]
[BlackElo "2252"]
[Result "1/2-1/2"]
[Round "10"]
[TimeControl "180+1"]
[Date "2022.05.11"]
[WhiteClock "0:00:04"]
[BlackClock "0:00:10"]

1. e4 e5 2. Nf3 Nc6 3. Bc4 Bc5 4. d3 Nf6 5. O-O a6 6. c3 d6 7. a4 O-O 8. h3 h6 9. Re1 Re8 10. Nbd2 Be6 11. Bxe6 Rxe6 12. Nf1 d5 13. Ng3 dxe4 14. dxe4 Qxd1 15. Rxd1 Rd8 16. Rxd8+ Nxd8 17. b4 Bf8 18. Kf1 g6 19. Be3 Nd7 20. Nd2 Rc6 21. Ne2 Nb6 22. b5 Rd6 23. c4 Nd7 24. Nc3 Rd3 25. Nd5 c6 26. bxa6 bxa6 27. Nc7 a5 28. Ke2 Rc3 29. Ne8 h5 30. g4 hxg4 31. hxg4 Ne6 32. Rb1 Bb4 33. Rh1 c5 34. g5 Nd4+ 35. Bxd4 cxd4 36. Nf3 Be7 37. Rb1 Bb4 38. Rh1 Rxc4 39. Nf6+ Nxf6 40. gxf6 Rc2+ 41. Kd3 Rc3+ 42. Ke2 Rc2+ 43. Kd3 Rc3+ 44. Ke2 Rc2+ 1/2-1/2


[Site "https://www.chess.com"]

[Event "Titled Tuesday Blitz May 10 Late 2022"]
[White "Jegorovas, Aleksandras"]
[Black "Novikova, Galina"]
[WhiteFideId "12801950"]
[BlackFideId "4157095"]
[WhiteElo "2247"]
[BlackElo "1863"]
[Result "1-0"]
[Round "10"]
[TimeControl "180+1"]
[Date "2022.05.11"]
[WhiteClock "0:01:14"]
[BlackClock "0:01:12"]

1. Nf3 e6 2. c4 f5 3. g3 Nf6 4. Bg2 Be7 5. O-O O-O 6. d4 d6 7. Nc3 a5 8. Re1 Nc6 9. e4 e5 10. exf5 Bxf5 11. dxe5 dxe5 12. Qxd8 Raxd8 13. Nxe5 Nxe5 14. Rxe5 Bb4 15. Rxf5 Bxc3 16. bxc3 Rd1+ 17. Bf1 Re8 18. Bb2 Rxa1 19. Bxa1 Re1 20. Bb2 Rb1 21. Ba3 h6 22. Rxa5 Ne4 23. Kg2 Nxc3 24. c5 Nxa2 25. Bc4+ 1-0


[Site "https://www.chess.com"]

[Event "Titled Tuesday Blitz May 10 Late 2022"]
[White "Jobava, Baadur"]
[Black "Hakobyan, Aram"]
[WhiteFideId "13601520"]
[BlackFideId "13306677"]
[WhiteElo "2617"]
[BlackElo "2557"]
[Result "1-0"]
[Round "10"]
[TimeControl "180+1"]
[Date "2022.05.10"]
[WhiteClock "0:02:21"]
[BlackClock "0:00:33"]

1. b3 e5 2. Bb2 Nc6 3. Nf3 d6 4. d4 e4 5. d5 exf3 6. dxc6 bxc6 7. exf3 Nf6 8. Bd3 Be7 9. O-O O-O 10. Re1 d5 11. Nd2 Bd6 12. c4 a5 13. Qc2 h6 14. Re2 Be6 15. Rae1 a4 16. c5 Bf4 17. b4 a3 18. Bd4 Re8 19. g3 Bxd2 20. Qxd2 Nh7 21. h4 Nf8 22. f4 Qd7 23. f5 Bxf5 24. Rxe8 Rxe8 25. Rxe8 Bxd3 26. Rxf8+ Kxf8 27. Qxd3 Qg4 28. Kg2 Qe6 29. Qe3 Qf5 30. Qe5 Qc2 31. Qxg7+ Ke8 32. Bf6 Qxa2 33. Qg8+ Kd7 34. Qd8+ Ke6 35. Qe7+ Kf5 36. Qe5+ Kg6 37. h5+ Kh7 38. Qf5+ Kg8 39. Qc8+ 1-0


[Site "https://www.chess.com"]

[Event "Titled Tuesday Blitz May 10 Late 2022"]
[White "Kamsky, Gata"]
[Black "Nazaretyan, Tigran"]
[WhiteFideId "2000024"]
[BlackFideId "24162345"]
[WhiteElo "2645"]
[BlackElo "2225"]
[Result "1-0"]
[Round "10"]
[TimeControl "180+1"]
[Date "2022.05.10"]
[WhiteClock "0:01:24"]
[BlackClock "0:00:06"]

1. e4 c5 2. Nc3 Nc6 3. f4 g6 4. Nf3 Bg7 5. Bb5 Nd4 6. Bc4 e6 7. O-O Ne7 8. d3 a6 9. a4 Rb8 10. Nxd4 cxd4 11. Ne2 b5 12. axb5 axb5 13. Bb3 d6 14. Kh1 h5 15. Qe1 h4 16. h3 Bd7 17. Bd2 Ra8 18. Rxa8 Qxa8 19. Ng1 Bc6 20. Nf3 d5 21. e5 Nf5 22. Kh2 Bf8 23. Bb4 Ng3 24. Rg1 Qa7 25. Bxf8 Kxf8 26. Qb4+ Kg7 27. Qxd4 Qe7 28. Ra1 Ra8 29. Rxa8 Bxa8 30. c3 Nh5 31. Bd1 Ng3 32. Qf2 b4 33. Nxh4 bxc3 34. Kxg3 cxb2 35. Qxb2 g5 36. Nf3 gxf4+ 37. Kxf4 Qa7 38. d4 Bc6 39. g4 Qa5 40. h4 Bb5 41. Qd2 Qa3 42. Bc2 Bf1 43. Kg3 Qa1 44. h5 Bb5 45. h6+ Kh8 46. Qg5 1-0


[Site "https://www.chess.com"]

[Event "Titled Tuesday Blitz May 10 Late 2022"]
[White "Kanyamarala, Tarun"]
[Black "Janaszak, Dawid"]
[WhiteFideId "45004714"]
[BlackFideId "1119206"]
[WhiteElo "2219"]
[BlackElo "2199"]
[Result "1-0"]
[Round "10"]
[TimeControl "180+1"]
[Date "2022.05.10"]
[WhiteClock "0:00:01"]
[BlackClock "0:00:02"]

1. d4 Nf6 2. Nf3 g6 3. c4 Bg7 4. Nc3 O-O 5. e4 d6 6. Be3 Nbd7 7. Nd2 e5 8. d5 c6 9. g4 h5 10. h3 cxd5 11. cxd5 a5 12. Be2 h4 13. g5 Nh7 14. Nf3 Nc5 15. Rg1 a4 16. Nxh4 Qa5 17. Qd2 Bd7 18. Bg4 Be8 19. Nf3 b5 20. Bxc5 dxc5 21. d6 Bc6 22. Nd5 Bxd5 23. Qxa5 Rxa5 24. exd5 e4 25. Nd2 Bxb2 26. Rb1 a3 27. Nxe4 c4 28. Kd2 b4 29. Kc2 Rxd5 30. Rgd1 Rb5 31. Rxb2 axb2 32. f4 c3 33. d7 Rd8 34. Nd6 Rbb8 35. Nc4 Nf8 36. Ne5 Rb7 37. Nc6 Rdxd7 38. Bxd7 Nxd7 39. Rd4 Kg7 40. Rxb4 Rc7 41. Nd4 Nc5 42. Ne2 Ne6 43. Nxc3 b1=Q+ 44. Rxb1 Nxf4 45. h4 Ng2 46. Rb4 Ne3+ 47. Kd3 Nf5 48. a4 Rd7+ 49. Kc2 Ne3+ 50. Kb3 Rd3 51. a5 Nd1 52. Kc2 Rxc3+ 53. Kxd1 Ra3 54. Rb5 Ra2 55. Kc1 Kf8 56. Kb1 Rh2 57. Rb4 Rh3 58. Kb2 Rh2+ 59. Kb3 Rh3+ 60. Kc4 Rxh4+ 61. Kb5 Rh5 62. Rg4 Rh1 63. Kb6 Rb1+ 64. Kc6 f5 65. gxf6 Kf7 66. a6 Ra1 67. Kb7 Kxf6 68. a7 Kf5 69. Rg1 Rxg1 70. a8=Q Rb1+ 71. Kc6 Rc1+ 72. Kd5 Rd1+ 73. Kc4 Rc1+ 74. Kd3 Rc5 75. Qf8+ Kg4 76. Qxc5 1-0


[Site "https://www.chess.com"]

[Event "Titled Tuesday Blitz May 10 Late 2022"]
[White "Kanyamarala, Trisha"]
[Black "Jeet, Jain"]
[WhiteFideId "45004722"]
[BlackFideId "5073022"]
[WhiteElo "2134"]
[BlackElo "2028"]
[Result "0-1"]
[Round "10"]
[TimeControl "180+1"]
[Date "2022.05.11"]
[WhiteClock "0:00:02"]
[BlackClock "0:00:03"]

1. c4 e5 2. Nc3 Nc6 3. g3 Nf6 4. Bg2 Bc5 5. d3 a6 6. e4 h6 7. h3 d6 8. Nge2 O-O 9. O-O Nd4 10. Be3 c6 11. Rb1 a5 12. a3 Be6 13. b4 axb4 14. axb4 Ba7 15. Kh2 Qc8 16. b5 cxb5 17. Nxb5 Nxb5 18. Rxb5 Bd7 19. Rb2 Bxe3 20. fxe3 Qc5 21. Qd2 Bc6 22. Nc3 Ra3 23. g4 Rfa8 24. Ne2 Qa5 25. Qc2 Ba4 26. Qb1 Bc6 27. Qc2 Qa4 28. Qd2 b5 29. Ng3 bxc4 30. Rxf6 c3 31. Qf2 cxb2 32. Rxf7 Qb3 33. Rxg7+ Kxg7 34. Nh5+ Kg8 35. Qf6 Qf7 36. Qxh6 b1=Q 37. Nf6+ Qxf6 38. Qxf6 R3a7 39. Qg6+ Rg7 40. Qe6+ Rf7 41. Qg6+ Kf8 42. Qxd6+ Kg8 43. Qg6+ Rg7 44. Qe6+ Kh7 45. Qxc6 Rf8 46. g5 Qe1 47. Qh6+ Kg8 48. Qe6+ Rff7 49. g6 Qf2 50. gxf7+ Rxf7 51. Qg6+ Kf8 52. Qd6+ Re7 53. Qh6+ Ke8 54. Qc6+ Kf7 55. Qd5+ Kf6 56. Qd6+ Kf7 57. Qd5+ Kg7 58. Qd6 Qf7 59. Qd5 Qf6 60. Qc5 Rd7 61. Qb5 Qd6 62. Qc4 Qxd3 63. Qe6 Qd6 64. Qg4+ Kf7 65. Qf5+ Ke7 66. Qh7+ Kd8 67. Qg8+ Kc7 68. Qc4+ Qc6 69. Qb4 Rg7 70. Qa5+ Kd7 71. Qxe5 Qg6 72. Qd5+ Ke8 73. Qb5+ Kf8 74. Qf5+ Kg8 75. Qxg6 Rxg6 76. Bf3 Kf7 77. Bg4 Kf6 78. Bf5 Rg7 79. Bg4 Ke5 80. Bf5 Kd6 81. h4 Ke5 82. Kh3 Kf6 83. Kh2 Rg8 84. Kh3 Rg1 85. Kh2 Re1 86. Kh3 Rxe3+ 87. Kg4 Re1 88. h5 Rg1+ 89. Kf4 Rf1+ 90. Kg4 Ke5 91. Kg5 Rg1+ 92. Kh4 Kf4 93. Kh3 Rh1+ 94. Kg2 Rxh5 95. Kf2 Rh2+ 96. Ke1 Ke3 97. Kd1 Rd2+ 98. Kc1 Rf2 99. Kb1 Kd3 100. Kc1 Rg2 101. Kb1 Kc3 0-1


[Site "https://www.chess.com"]

[Event "Titled Tuesday Blitz May 10 Late 2022"]
[White "Kazakouski, Valery"]
[Black "Dubov, Daniil"]
[WhiteFideId "13507443"]
[BlackFideId "24126055"]
[WhiteElo "2524"]
[BlackElo "2791"]
[Result "1-0"]
[Round "10"]
[TimeControl "180+1"]
[Date "2022.05.10"]
[WhiteClock "0:01:38"]
[BlackClock "0:01:30"]

1. d4 Nf6 2. c4 c6 3. Nf3 d5 4. Qc2 g6 5. Bf4 dxc4 6. Qxc4 Bg7 7. e3 O-O 8. Be2 Be6 9. Qc2 Bf5 10. Qb3 c5 11. Nc3 Nc6 12. dxc5 Be6 13. Qxb7 Nd5 14. Rd1 Rc8 15. Nxd5 Bxd5 16. e4 Nd4 17. Qxd5 Nc2+ 18. Kf1 Qa5 19. c6 Qb6 20. Qb5 Qxc6 21. Qxc6 Rxc6 22. g3 Bxb2 23. Kg2 Nb4 24. a4 Rfc8 25. Rb1 Bc3 26. Rhc1 a5 27. Bb5 Rc5 28. Be3 R5c7 29. Bb6 1-0


[Site "https://www.chess.com"]

[Event "Titled Tuesday Blitz May 10 Late 2022"]
[White "Khripachenko, Alexander"]
[Black "Lin, Dachey"]
[WhiteFideId "54184975"]
[BlackFideId "2029650"]
[WhiteElo "2138"]
[BlackElo "2313"]
[Result "0-1"]
[Round "10"]
[TimeControl "180+1"]
[Date "2022.05.10"]
[WhiteClock "0:00:15"]
[BlackClock "0:01:23"]

1. e4 g6 2. d4 Bg7 3. Nf3 c6 4. Nc3 d5 5. h3 dxe4 6. Nxe4 Nd7 7. Bc4 Ngf6 8. Nxf6+ Nxf6 9. O-O O-O 10. Re1 a5 11. a4 Nd5 12. c3 Be6 13. Ng5 Bf5 14. Ne4 Qb6 15. Nc5 e5 16. Bxd5 cxd5 17. g4 Be6 18. Qb3 Qxb3 19. Nxb3 e4 20. Nc5 b6 21. Nxe6 fxe6 22. Kg2 Rf3 23. Re3 Rf7 24. Re2 Raf8 25. Be3 Bf6 26. Rc1 Rc8 27. Rec2 Rfc7 28. f3 exf3+ 29. Kxf3 Kf7 30. Ke2 Ke8 31. Kd3 Rf7 32. Rf1 Bh4 33. Rxf7 Kxf7 34. Rc1 Ke7 35. Rf1 h5 36. g5 Rf8 37. Rxf8 Kxf8 38. Bf4 Ke7 39. Bc7 Bxg5 40. Bxb6 Bf4 41. Bxa5 g5 42. Ke2 g4 43. hxg4 hxg4 44. b3 Kd6 45. c4 Kc6 46. Bd2 Bh2 47. a5 Bg1 48. Be3 Bh2 49. Kf1 Bc7 50. Bd2 Bb8 51. Kg2 Ba7 52. Bc3 Bb8 53. Be1 Bf4 54. Bc3 Bc7 55. Kf2 Bh2 56. Kg2 Bf4 57. Kf2 Kb7 58. Ke2 Ka6 59. Bd2 Bc7 60. cxd5 exd5 61. Kf2 Bxa5 62. Bxa5 Kxa5 63. Kg3 Kb4 64. Kxg4 Kxb3 65. Kf5 Kc3 0-1


[Site "https://www.chess.com"]

[Event "Titled Tuesday Blitz May 10 Late 2022"]
[White "Kim, Sergey"]
[Black "Qashashvili, Alexandre"]
[WhiteFideId "13700570"]
[BlackFideId "13600842"]
[WhiteElo "2463"]
[BlackElo "2316"]
[Result "1-0"]
[Round "10"]
[TimeControl "180+1"]
[Date "2022.05.11"]
[WhiteClock "0:01:37"]
[BlackClock "0:00:08"]

1. d4 d5 2. c4 c6 3. Nf3 Bf5 4. e3 e6 5. Nc3 Nf6 6. Bd3 Bxd3 7. Qxd3 Nbd7 8. O-O Bd6 9. e4 dxe4 10. Nxe4 Nxe4 11. Qxe4 Nf6 12. Qe2 O-O 13. Rd1 h6 14. Bd2 Qe7 15. Bc3 Bb4 16. Rd3 Bxc3 17. Rxc3 Rfd8 18. Re3 Rd7 19. h3 Rad8 20. a3 c5 21. d5 Rd6 22. Re1 b5 23. b3 bxc4 24. bxc4 Re8 25. Ne5 Qc7 26. Nd3 Qa5 27. Nf4 Qa4 28. dxe6 fxe6 29. Nxe6 Qa5 30. f4 Qb6 31. f5 Qa5 32. Rg3 Re7 33. Kh2 Qb6 34. Qe3 Kh7 35. Nf8+ Kh8 36. Qxe7 Rd4 37. Qxg7# 1-0


[Site "https://www.chess.com"]